 Dungeon Crawl Stone Soup version 0.31-a0-1178-gc5c9b8f871 (webtiles) character file.

Game seed: 7336958498976001483

278 ytrimaz the Trooper (level 6, -2/72 HPs)
             Began as a Demonspawn Fighter on Dec 11, 2023.
             Slain by an iguana (6 damage)
             ... on level 4 of the Dungeon.
             The game lasted 00:03:47 (2796 turns).

ytrimaz the Trooper (Demonspawn Fighter)            Turns: 2796, Time: 00:03:48

Health: -2/72      AC: 13    Str: 14 (16) XL:     6   Next: 5%
Magic:  15/15      EV:  6    Int:  8 (9)  God:
Gold:   265        SH:  5    Dex: 12 (14) Spells: 5/5 levels left

rFire   . . .        a - +0 long sword
rCold   . . .        c - +0 buckler
rNeg    . . .        f - +4 chain mail
rPois   +            (no helmet)
rElec   .            (no cloak)
rCorr   .            (no gloves)
SInv    .            (no boots)
Will    .....        (no amulet) Stlth
                     i - ring of magical power
HPRegen 0.32/turn    g - ring of poison resistance
MPRegen 0.28/turn

%: no passive effects
@: mighty, brilliant, berserking (expiring), very quick
A: foul stench 1, magic regeneration
a: no special abilities


You were on level 4 of the Dungeon.
You visited 1 branch of the dungeon, and saw 4 of its levels.
You also visited: Sewer.

You collected 265 gold pieces.


Innate Abilities, Weirdness & Mutations

You may rarely emit foul miasma when damaged in melee.
You regenerate magic rapidly.


   Skills:
 - Level 4.0 Fighting
 + Level 3.3 Long Blades
 + Level 3.8 Armour
 - Level 4.0 Shields


You had 5 spell levels left.
You didn't know any spells.
Your spell library contained the following spells:

 Spells                   Type           Power      Damage    Failure   Level
 Summon Small Mammal      Summ           0%         N/A       100%        1
 Blink                    Tloc           0%         N/A       100%        2
 Lesser Beckoning         Tloc           0%         N/A       100%        2
 Momentum Strike          Conj/Tloc      0%         3d8       100%        2
 Call Canine Familiar     Summ           0%         N/A       100%        3
 Summon Guardian Golem    Hex/Summ       0%         N/A       100%        3
 Tukima's Dance           Hex            0%         N/A       100%        3
 Dimensional Bullseye     Hex/Tloc       0%         N/A       100%        4
 Iskenderun's Mystic Bla  Conj/Tloc      0%         2d3       100%        4

Inventory:

Hand Weapons
 a - a +0 long sword (weapon)
Armour
 b - a +0 scale mail
 c - a +0 buckler (worn)
 f - a +4 chain mail (worn)
   (You found it on level 3 of the Dungeon)
Jewellery
 g - a ring of poison resistance (right hand)
   (You found it on level 1 of the Dungeon)
 i - a ring of magical power (left hand)
   (You found it on level 1 of the Dungeon)
Scrolls
 k - 3 scrolls of teleportation
 l - 2 scrolls of enchant weapon
 n - a scroll of amnesia {unknown}
 o - a scroll of fog {unknown}
 r - a scroll of noise {unknown}
 t - a scroll of blinking {unknown}
Potions
 e - a potion of haste {unknown}
 m - a potion of lignification
 p - a potion of resistance {unknown}
 q - a potion of brilliance
 s - 3 potions of magic
 u - a potion of heal wounds {unknown}

Dungeon Overview and Level Annotations

Branches:
Dungeon (4/15) Zot: 21273   Sewer (visited)
 Temple: D:4-7

Altars:

##########.).### ..
.............'.. #.#
#####...##...###
#..##########...##...#
#...........^..##...###
#..........#########..
#.........# ##..#
#...)l....# #....
####..o@)....# #....
#..'..)oo....#
#####....
#.##...o.....#
#.....###
......##'##'##
#.######. #.....
....... #.
#####.......... .... '
.........# #### #
.......>.. ......


You could see an iguana and 4 orcs.


Message History

The orc hits you but does no damage. x2 😨 HP[+1]
You closely miss the orc. The orc hits you but does no damage.
Something hits you but does no damage. The orc hits you but does no damage.
The orc wizard barely misses you.
The orc wizard hits you but does no damage.
The orc hits you but does no damage. The orc hits you with a +0 mace.
* * * LOW HITPOINT WARNING * * *
You emit a cloud of foul miasma! 😨 HP[-1]
You take 1 damage, and now have 17/63 hp.
You barely miss something. The orc hits you but does no damage.
You hear some strange, mumbled words.
A magic dart appears from out of thin air!
The magic dart hits you but does no damage.
The orc hits you but does no damage.
The orc wizard hits you but does no damage. x2
The orc hits you with a +0 whip.
* * * LOW HITPOINT WARNING * * *
The orc is engulfed in dark miasma.
The orc is poisoned.
The orc seems to slow down.
You kill the orc!
The orc hits you with a +0 war axe.
* * * LOW HITPOINT WARNING * * *
Something hits you.
* * * LOW HITPOINT WARNING * * *
The orc hits you but does no damage.
The orc wizard hits you but does no damage. x2
The orc hits you but does no damage.
You miss the orc wizard.
You feel less confused. The orc barely misses you. You block the orc's attack.
The orc wizard barely misses you.
Something hits you but does no damage. 😱 HP[-10]
You take 10 damage, and now have 7/63 hp.
You hit the orc wizard.
Your transformation is almost over.
You block the orc's attack. The orc hits you but does no damage.
Something hits you.
* * * LOW HITPOINT WARNING * * *
The orc wizard hits you but does no damage.
The orc hits you but does no damage. 😱 HP[-1]
You take 1 damage, and now have 6/63 hp.
You slash the orc wizard! The orc hits you but does no damage.
The orc hits you with a +0 whip.
* * * LOW HITPOINT WARNING * * *
You emit a cloud of foul miasma!
Something hits you but does no damage. The orc barely misses you.
The orc wizard casts a spell at you.
The magic dart hits you but does no damage.
The orc wizard hits you but does no damage.
Unknown command.
You slash the orc wizard!
You kill the orc wizard!
The orc is engulfed in dark miasma.
The orc is poisoned.
The orc hits you but does no damage.
The orc wizard hits you but does no damage. x2
The orc is engulfed in dark miasma.
The orc looks even sicker.
The orc seems to slow down.
You kill the orc!
The orc hits you but does no damage. Something hits you but does no damage.
The orc hits you with a +0 club.
* * * LOW HITPOINT WARNING * * *
You have reached level 6! 😱 HP[-1] MP[+1]
You now have 72 max hp (+9).
Your mp is fully restored (15).
It was a potion of degeneration.
There was something very wrong with that liquid.
You feel weakened.
You feel dopey.
You feel clumsy. The orc completely misses you.
The orc hits you but does no damage.
The orc wizard hits you but does no damage.
It was a potion of berserk rage.
A red film seems to cover your vision as you go berserk!
You feel yourself moving faster!
You feel mighty! The orc hits you with a +0 war axe.
* * * LOW HITPOINT WARNING * * *
You block the orc's attack.
The orc wizard hits you but does no damage.
The orc hits you but does no damage. 😱 HP[-1]
You now have 108 max hp (+36).
You closely miss the orc wizard.
The orc hits you but does no damage. 😱 HP[+1]
You hit the orc wizard. The orc hits you but does no damage.
The orc wizard hits you but does no damage.
The orc hits you but does no damage. Something hits you but does no damage.
You barely miss the orc wizard. The orc hits you but does no damage.
You block the orc's attack.
The iguana bites you but does no damage.
Something hits you but does no damage.
The orc wizard hits you but does no damage.
The orc hits you but does no damage.
You slash the orc wizard!
You kill the orc wizard!
You feel less wooden.
Your +4 chain mail unmelds from your body.
The orc hits you but does no damage. You block the orc's attack.
The iguana bites you.
You die...

Skill      XL: |  1  2  3  4  5 |
---------------+----------------+-----
Long Blades    | 2 3 |  3.3
Armour         | 3 |  3.8
Shields        | 3 4 |  4.0
Fighting       | 4 |  4.0

Action                     |  1- 3 |  4- 6 || total
---------------------------+-------+-------++-------
  Melee: Long sword        |   108 |   159 ||   267
    Use: Scroll            |       |     3 ||     3
         Potion            |       |     5 ||     5
 Armour: Scale mail        |    81 |    70 ||   151
         Skin              |       |    79 ||    79
         Chain mail        |       |    45 ||    45
  Dodge: Dodged            |    52 |    91 ||   143
  Block: Buckler           |    39 |    49 ||    88

Levels and vault maps discovered:
D:1:      lightli_arrival_flooded_house, layout_rooms
D:2:      layout_basic, basic_altar
D:3:      layout_basic, shapermc_ecumenical_altar_totnotflames,
          portal_sewer_entry_f, grunt_decor_cap, uniq_terence
D:4:      layout_basic, nicolae_shop_self_help

Notes
Turn   | Place    | Note
-------+----------+-------------------------------------------
     0 | D:1      | ytrimaz the Demonspawn Fighter began the quest for the Orb.
     0 | D:1      | Reached XP level 1. HP: 18/18 MP: 1/1
     0 | D:1      | magus.rc [v1.9.6]
   171 | D:1      | You pick up a book of Spatial Translocations and begin
                  | reading...
   171 | D:1      | You add the spells Blink, Momentum Strike and Lesser
                  | Beckoning to your library.
   215 | D:1      | Reached skill level 2 in Long Blades
   215 | D:1      | Gained mutation: You regenerate magic rapidly. [demonic
                  | ancestry]
   215 | D:1      | Reached XP level 2. HP: 20/24 MP: 2/2
   554 | D:1      | Reached skill level 3 in Armour
   667 | D:2      | Reached skill level 3 in Shields
   667 | D:2      | Gained mutation: You may rarely emit foul miasma when
                  | damaged in melee. [demonic ancestry]
   667 | D:2      | Reached XP level 3. HP: 27/29 MP: 3/3
  1352 | D:2      | Reached XP level 4. HP: 33/35 MP: 4/4
  1442 | D:2      | You pick up a book of Weapons and begin reading...
  1442 | D:2      | You add the spells Tukima's Dance, Dimensional Bullseye and
                  | Iskenderun's Mystic Blast to your library.
  1984 | D:3      | Found a glowing drain.
  2008 | Sewer    | Entered a sewer
  2168 | D:3      | Reached XP level 5. HP: 42/42 MP: 5/5
  2248 | D:3      | You pick up a book of Callings and begin reading...
  2248 | D:3      | You add the spells Summon Small Mammal, Call Canine
                  | Familiar and Summon Guardian Golem to your library.
  2265 | D:3      | Reached skill level 4 in Fighting
  2300 | D:3      | Found a faded altar of an unknown god.
  2343 | D:3      | Noticed Terence
  2354 | D:3      | Killed Terence
  2355 | D:3      | Reached skill level 3 in Long Blades
  2777 | D:4      | Reached skill level 4 in Shields
  2786 | D:4      | HP: 10/63 [orc/+0 war axe (6)]
  2790 | D:4      | HP: 4/63 [orc/+0 club (2)]
  2791 | D:4      | Reached XP level 6. HP: 5/48 MP: 6/6
  2796 | D:4      | Slain by an iguana

Vanquished Creatures
  An orc priest (D:4)
  2 orc wizards (D:4)
  Terence (D:3)
  A hell rat (Sewer)
  9 adders
  A worm (D:2)
  2 dart slugs
  6 orcs
  6 endoplasms
  6 giant cockroaches
  2 goblins (D:3)
  6 hobgoblins
  5 jackals
  6 quokkas
  4 ball pythons
  5 bats
  3 frilled lizards
  7 kobolds
  13 rats
86 creatures vanquished.

Table legend:
 A = Non-vault XP
 B = Vault XP
 C = Vault XP percentage of total XP
 D = Non-vault monster count
 E = Vault monster count
 F = Vault count percentage of total count
                 A         B        C        D         E       F
            +---------+---------+-------+---------+---------+-------
      Total |     349 |      84 |  19.4 |      71 |      15 |  17.4
            +---------+---------+-------+---------+---------+-------
        D:1 |      29 |       0 |   0.0 |      17 |       0 |   0.0
        D:2 |      82 |       0 |   0.0 |      19 |       0 |   0.0
        D:3 |      54 |      44 |  44.9 |      22 |       5 |  18.5
        D:4 |     184 |       0 |   0.0 |      13 |       0 |   0.0
      Sewer |       0 |      40 | 100.0 |       0 |      10 | 100.0
            +---------+---------+-------+---------+---------+-------

Skill      XL: |  1  2  3  4  5 |
---------------+----------------+-----
Long Blades    | 2 3 |  3.3
Armour         | 3 |  3.8
Shields        | 3 4 |  4.0
Fighting       | 4 |  4.0

Action                     |  1- 3 |  4- 6 || total
---------------------------+-------+-------++-------
  Melee: Long sword        |   108 |   159 ||   267
    Use: Scroll            |       |     3 ||     3
         Potion            |       |     5 ||     5
 Armour: Scale mail        |    81 |    70 ||   151
         Skin              |       |    79 ||    79
         Chain mail        |       |    45 ||    45
  Dodge: Dodged            |    52 |    91 ||   143
  Block: Buckler           |    39 |    49 ||    88

Illustrated notes

Table legend:
 A = Kills in this place as a percentage of kills in the entire game.
 B = Kills by you in this place as a percentage of kills by you in the entire game.
 C = Kills by friends in this place as a percentage of kills by friends in the entire game.
 D = Other kills in this place as a percentage of other kills in the entire game.
 E = Experience gained in this place as a percentage of experience gained in the entire game.
 F = Experience gained in this place divided by the number of levels of this place that you have seen.
                   A       B       C       D       E      F
               +-------+-------+-------+-------+-------+----------------------
         Total | 100.0 | 100.0 |   N/A |   N/A | 100.0 |  86.6
       Dungeon |  88.4 |  88.4 |   N/A |   N/A |  90.8 |  98.2
         Sewer |  11.6 |  11.6 |   N/A |   N/A |   9.2 |  40.0
               +-------+-------+-------+-------+-------+----------------------

Table legend: (Time is in decaauts)
 A = Elapsed time spent in this place.
 B = Non-inter-level travel time spent in this place.
 C = Inter-level travel time spent in this place.
 D = Time resting spent in this place.
 E = Time spent auto-exploring this place.
 F = Levels seen in this place.
 G = Mean time per level.
                   A        B        C        D        E       F      G
               +--------+--------+--------+--------+--------+-----+--------+
         Total |   2890 |   2853 |     37 |      0 |   2149 |   5 |  578.0 |
       Dungeon |   2725 |   2688 |     37 |      0 |   2064 |   4 |  681.2 |
         Sewer |    164 |    164 |      0 |      0 |     84 |   1 |  164.0 |
               +--------+--------+--------+--------+--------+-----+--------+

Top non-repeatable levels by time:
     D:2: 1122 daAuts
     D:3: 681 daAuts
     D:1: 662 daAuts
     D:4: 259 daAuts
   Sewer: 164 daAuts
